 Dungeon Crawl Stone Soup version 0.31-a0-221-gbddc013574 (webtiles) character file.

Game seed: 15054116019228335396

119 qw the Shooter (level 5, -3/30 HPs)
             Began as a Gargoyle Hexslinger on July 4, 2023.
             Slain by a gnoll
             ... wielding a +0 club
             ... led by a gnoll bouda
              (6 damage)
             ... on level 4 of the Dungeon.
             The game lasted 00:00:43 (1765 turns).

qw the Shooter (Gargoyle Hexslinger)                Turns: 1765, Time: 00:00:44

Health: -3/30      AC: 12    Str: 10 (12) XL:     5   Next: 3%
Magic:  6/6        EV: 10    Int: 10 (13) God:
Gold:   54         SH:  0    Dex: 17 (20) Spells: 5/6 levels left

rFire   . . .        Y - +4 sling
rCold   . . .        (no shield)
rNeg    + . .        a - +0 ring mail
rPois   inf          (no helmet)
rElec   +            (no cloak)
rCorr   .            i - +2 pair of gloves
SInv    .            (no boots)
Will    .....        (no amulet)
Stlth   +            h - +6 ring of dexterity
HPRegen 0.25/turn    (no ring)
MPRegen 0.10/turn

%: no passive effects
@: no status effects
A: sickness immunity, AC +4, negative energy resistance 1, electricity
resistance, torment resistance 1, petrification resistance
a: no special abilities


You were on level 4 of the Dungeon.
You visited 1 branch of the dungeon, and saw 4 of its levels.

You collected 54 gold pieces.


Innate Abilities, Weirdness & Mutations

You are immune to sickness and miasma.
Your stone body is resilient. (AC +4)
You are immune to poison.
You resist negative energy. (rN+)
You are resistant to electric shocks. (rElec)
You are resistant to unholy torment.
You are immune to petrification.


   Skills:
 - Level 2.0 Fighting
 + Level 4.3 Ranged Weapons
 - Level 1.6 Armour
 - Level 1.5 Dodging
 - Level 1.0 Spellcasting
 - Level 2.6 Hexes


You had 5 spell levels left.
You knew the following spells:

 Your Spells              Type           Power      Damage    Failure   Level
a - Slow                  Hex            20%        N/A       28%         1

Your spell library contained the following spells:

 Spells                   Type           Power      Damage    Failure   Level
 Inner Flame              Hex/Fire       3%         N/A       83%         3
 Portal Projectile        Hex/Tloc       6%         N/A       83%         3
 Cause Fear               Hex            2%         N/A       96%         4

Inventory:

Hand Weapons
 Y - a +4 sling (weapon)
Armour
 a - a +0 ring mail (worn)
 i - a +2 pair of gloves (worn)
Jewellery
 h - a +6 ring of dexterity (left hand)
Scrolls
 e - 2 scrolls of enchant armour
 f - a scroll of identify
Potions
 c - a potion of might
 g - a potion of heal wounds {unknown}
 j - a potion of enlightenment {unknown}

Dungeon Overview and Level Annotations

Branches:
Dungeon (4/15)
 Temple: D:4-7

Altars:

Shops:
D:3 =


Message History

The sling bullet barely misses the gnoll.
The giant cockroach bites you but does no damage.
The gnoll barely misses you.
The gnoll hits you from afar with a +0 halberd.
The giant cockroach barely misses you. The gnoll barely misses you.
The gnoll hits you but does no damage.
You shoot a sling bullet. The sling bullet hits the gnoll.
The gnoll is severely wounded.
The giant cockroach bites you but does no damage.
The gnoll closely misses you. The gnoll barely misses you.
The giant cockroach barely misses you.
You shoot a sling bullet.
The sling bullet barely misses the gnoll.
The gnoll hits you from afar with a +0 halberd!
The giant cockroach bites you but does no damage.
You shoot a sling bullet.
The sling bullet hits the gnoll but does no damage.
The gnoll is severely wounded.
You hear a shout!
The giant cockroach completely misses you.
The gnoll hits you but does no damage. The gnoll closely misses you.
A gnoll comes into view. It is wielding a +0 flail.
An orc comes into view. It is wielding a +0 club.
The giant cockroach bites you. The gnoll hits you but does no damage.
The gnoll hits you from afar with a +0 halberd!
The gnoll misses you.
The orc moves out of view.
You hear a shout!
You shoot a sling bullet.
The sling bullet closely misses the gnoll.
The giant cockroach closely misses you. The gnoll hits you with a +0 club.
The gnoll completely misses you. The gnoll hits you but does no damage.
You shoot a sling bullet.
The sling bullet barely misses the gnoll.
The giant cockroach barely misses you. The gnoll hits you but does no damage.
The gnoll hits you with a +0 flail. The gnoll closely misses you.
The giant cockroach bites you but does no damage.
You shoot a sling bullet.
The sling bullet barely misses the gnoll.
The gnoll hits you with a +0 club.
You die...

###.#####.#.##.#
#.#####<#.##.#
#............#
###.#####.####
######.##....#
#......##.##.#
#......##.##.####
#...<...gg<.....#
#...(...#@.#.##.
#.......#B.#.#
#.......#g...#
..............#
####.###.##)..#
#. #....... #
....#..## # o ..#
#o ..#


You could see 3 gnolls and a giant cockroach.

Vanquished Creatures
  An orc wizard (D:4)
  3 adders (D:2)
  A dart slug (D:1)
  An orc (D:4)
  5 bats
  6 endoplasms
  2 giant cockroaches
  11 goblins
  9 hobgoblins
  3 quokkas
  10 ball pythons
  2 frilled lizards
  2 kobolds
  3 rats
59 creatures vanquished.

Notes
Turn   | Place    | Note
-------+----------+-------------------------------------------
     0 | D:1      | qw the Gargoyle Hexslinger began the quest for the Orb.
     0 | D:1      | Reached XP level 1. HP: 12/12 MP: 2/2
     0 | D:1      | 0 ||| qw: Version: 0.3-a-41-g9d075ac
     0 | D:1      | 0 ||| qw: Game counter: 783
     0 | D:1      | 0 ||| qw: Melee chars always use a shield: true
     0 | D:1      | 0 ||| qw: God list: Okawaru
     0 | D:1      | 0 ||| qw: Allow faded altars: false
     0 | D:1      | 0 ||| qw: Do Orc after clearing Dungeon:15 true
     0 | D:1      | 0 ||| qw: Do second Lair branch before Depths: true
     0 | D:1      | 0 ||| qw: Lair rune preference: random
     0 | D:1      | 0 ||| qw: Goals: Normal
     0 | D:1      | 0 ||| PLANNING D:1-11
   150 | D:1      | Reached XP level 2. HP: 16/16 MP: 3/3
   274 | D:1      | Reached skill level 3 in Ranged Weapons
   527 | D:1      | 527 ||| DROPPING scarf of harm.
   528 | D:1      | 528 ||| READING scroll labelled CUGAOKONISS.
   629 | D:1      | 629 ||| READING 2 scrolls labelled ZUVOQUE ZALEN.
   630 | D:1      | 630 ||| READING scroll labelled BOARUNU GAFFUETEYBB.
   631 | D:1      | 631 ||| READING 2 scrolls labelled OCLIGA XEONGEL.
   632 | D:1      | 632 ||| READING scroll of enchant weapon.
   632 | D:1      | 632 ||| ENCHANTING +2 sling.
   633 | D:1      | 633 ||| READING 3 scrolls labelled JOTANU DUTOE.
   634 | D:1      | 634 ||| DROPPING scroll of poison.
   635 | D:1      | 635 ||| DROPPING 2 scrolls of amnesia.
   681 | D:2      | Found a faded altar of an unknown god.
   687 | D:2      | Reached XP level 3. HP: 21/21 MP: 4/4
   856 | D:2      | Reached XP level 4. HP: 20/26 MP: 5/5
   903 | D:2      | Reached skill level 4 in Ranged Weapons
  1119 | D:2      | 1119 ||| SWAPPING to +4 sling.
  1120 | D:2      | 1120 ||| DROPPING +3 sling.
  1179 | D:2      | 1179 ||| UPGRADING to +0 leather armour.
  1189 | D:2      | 1189 ||| DROPPING +0 robe.
  1190 | D:2      | 1190 ||| UPGRADING to +2 pair of gloves.
  1195 | D:2      | 1195 ||| DROPPING ring of flight.
  1196 | D:2      | 1196 ||| UPGRADING to +6 ring of dexterity.
  1197 | D:2      | 1197 ||| READING scroll labelled FAARIO WAJIONT.
  1256 | D:3      | Found Faubuxes's Jewellery Shoppe.
  1268 | D:3      | 1268 ||| SHOPLISTING +5 ring of evasion (396 gold, have
                  | 41).
  1268 | D:3      | 1268 ||| SHOPLISTING +6 ring of strength (396 gold, have
                  | 41).
  1268 | D:3      | 1268 ||| SHOPLISTING amulet of regeneration (330 gold, have
                  | 41).
  1268 | D:3      | 1268 ||| SHOPLISTING ring of ice (275 gold, have 41).
  1268 | D:3      | 1268 ||| SHOPLISTING ring of positive energy (220 gold,
                  | have 41).
  1658 | D:3      | 1658 ||| UPGRADING to +0 ring mail.
  1668 | D:3      | 1668 ||| DROPPING +0 leather armour.
  1669 | D:3      | 1669 ||| DRINKING 2 cyan potions.
  1670 | D:3      | 1670 ||| READING 2 scrolls of identify.
  1670 | D:3      | 1670 ||| IDENTIFYING ruby potion
  1671 | D:3      | 1671 ||| DROPPING potion of degeneration.
  1745 | D:4      | 1745 ||| Stepping ~*~*~tactically~*~*~ (outnumbered).
  1754 | D:4      | Reached skill level 1 in Armour
  1754 | D:4      | Reached XP level 5. HP: 29/30 MP: 6/6
  1762 | D:4      | HP: 6/30 [gnoll/+0 halberd[a gnoll bouda] (7)]
  1765 | D:4      | Slain by a gnoll

Levels and vault maps discovered:
D:1:      heliophobic_arrival_battle_scene, layout_basic
D:2:      layout_rooms, nicolae_ecumenical_snake_handling, minmay_tetromino_o2
D:3:      layout_rooms, serial_shops, shop, minmay_misc_feat_five
D:4:      layout_loops_cross

Skill      XL: |  1  2  3  4 |
---------------+-------------+-----
Ranged Weapons | 3 4 |  4.3
Fighting       | 2 |  2.0
Armour         | 1 |  1.6
Dodging        | |  1.5
Spellcasting   | |  1.0
Hexes          | |  2.6

Action                     |  1- 3 |  4- 6 || total
---------------------------+-------+-------++-------
   Fire: Sling             |    73 |    75 ||   148
    Use: Scroll            |     6 |     2 ||     8
         Potion            |       |     1 ||     1
 Armour: Robe              |     9 |     3 ||    12
         Ring mail         |       |    13 ||    13
         Leather armour    |       |     2 ||     2
  Dodge: Dodged            |    13 |    27 ||    40

Table legend:
 A = Non-vault XP
 B = Vault XP
 C = Vault XP percentage of total XP
 D = Non-vault monster count
 E = Vault monster count
 F = Vault count percentage of total count
                 A         B        C        D         E       F
            +---------+---------+-------+---------+---------+-------
      Total |     142 |      29 |  17.0 |      55 |       4 |   6.8
            +---------+---------+-------+---------+---------+-------
        D:1 |      24 |       0 |   0.0 |      13 |       0 |   0.0
        D:2 |      54 |      29 |  34.9 |      23 |       4 |  14.8
        D:3 |      26 |       0 |   0.0 |      17 |       0 |   0.0
        D:4 |      38 |       0 |   0.0 |       2 |       0 |   0.0
            +---------+---------+-------+---------+---------+-------
